 Dungeon Crawl Stone Soup version 0.22.0-49-gab54619674 (webtiles) character file.

77414 Gaplan the Severer (level 15, -1/141 HPs)
             Began as a Minotaur Gladiator on Sept 2, 2018.
             Was the Champion of Okawaru.
             Slain by a ghost moth (7 damage)
             ... on level 2 of the Spider Nest.
             The game lasted 01:16:34 (22334 turns).

Gaplan the Severer (Minotaur Gladiator)            Turns: 22334, Time: 01:16:34

Health: -1/141     AC: 18    Str: 22 (26) XL:     15   Next: 15%
Magic:  0/16       EV: 11    Int:  1 (5)  God:    Okawaru [******]
Gold:   1421       SH:  0    Dex:  8 (11) Spells: 14/14 levels left

rFire    + . .     SeeInvis .   p - +3 battleaxe (vamp)
rCold    . . .     Gourm    .   (shield currently unavailable)
rNeg     . . .     Faith    +   i - +2 plate armour {rF+}
rPois    +         Spirit   .   c - +1 hat
rElec    .         Reflect  .   Z - +2 cloak {MR+}
rCorr    .         Harm     .   G - +1 pair of gloves
MR       ++...                  D - +2 pair of boots
Stlth    ..........             y - amulet of faith
HPRegen  0.33/turn              X - +2 ring of evasion
MPRegen  0.15/turn              z - ring of poison resistance

@: lethally poisoned (-1 -> -22), corroded
A: retaliatory headbutt, horns 2
a: Heroism, Finesse, Renounce Religion


You were on level 2 of the Spider Nest.
You worshipped Okawaru.
Okawaru was exalted by your worship.
You were not hungry.

You visited 3 branches of the dungeon, and saw 18 of its levels.
You also visited: Ossuary.

You collected 1421 gold pieces.

Inventory:

Hand Weapons
 a - a +2 broad axe of chopping
 p - a +3 vampiric battleaxe (weapon)
 t - a +6 antimagic broad axe
 Y - a +1 executioner's axe of freezing
Missiles
 d - 3 throwing nets (quivered)
Armour
 b - a +0 leather armour
 c - a +1 hat (worn)
 e - a +2 chain mail of positive energy
 i - a +2 plate armour of fire resistance (worn)
 C - a +1 plate armour of poison resistance
 D - a +2 pair of boots (worn)
 G - a +1 pair of gloves (worn)
 M - a scarf of spirit shield
 Q - the +0 pair of boots of the Orcish Mines {rPois rF++ Dex-3 Stlth+}
   (You acquired it on level 5 of the Lair of Beasts)

   It affects your dexterity (-3).
   It greatly protects you from fire.
   It protects you from poison.
   It makes you more stealthy.
 T - a scarf of cloud immunity
 V - the +1 plate armour "Tung" {rC+ Int+5}
   (You found it on level 9 of the Dungeon)

   It affects your intelligence (+5).
   It protects you from cold.
 Z - a +2 cloak of magic resistance (worn)
Jewellery
 m - an uncursed ring of fire
 o - an uncursed ring of flight
 w - an uncursed amulet of regeneration
 y - an amulet of faith (around neck)
 z - a ring of poison resistance (right hand)
 A - an uncursed ring of protection from cold
 E - an uncursed ring of protection from magic
 R - an uncursed ring of resist corrosion
 X - a +2 ring of evasion (left hand)
Wands
 g - a wand of polymorph (16)
 n - a wand of flame (50)
 u - a wand of enslavement (13)
 v - a wand of scattershot (5)
 x - a wand of paralysis (63)
 J - a wand of disintegration (21)
 P - a wand of random effects (37)
Scrolls
 h - 5 scrolls of remove curse
 j - a scroll of immolation
 k - 7 scrolls of teleportation
 l - 3 scrolls of noise
 s - 3 scrolls of identify
 I - a scroll of magic mapping
 S - a scroll of blinking
Potions
 q - 3 potions of ambrosia
 r - 3 potions of lignification
 B - 2 potions of agility
 F - 5 potions of curing
 H - a potion of heal wounds
 K - 7 potions of haste
 L - 7 potions of might
 N - 2 potions of brilliance
 O - a potion of flight
 U - 2 potions of resistance
 W - a potion of invisibility
Comestibles
 f - 19 rations


   Skills:
 + Level 15.0 Fighting
 + Level 20.2 Axes
 + Level 2.2 Throwing
 + Level 16.1 Armour
 + Level 6.2 Dodging
 - Level 0.2 Stealth
 + Level 2.8 Evocations


You had 14 spell levels left.
You didn't know any spells.
Your spell library contained the following spells:

 Spells                   Type           Power        Failure   Level  Hunger
 Animate Skeleton         Necr           N/A          99%         1    ##.....
 Apportation              Tloc           #.....       99%         1    ##.....
 Confusing Touch          Hex            #.....       99%         1    ##.....
 Corona                   Hex            #......      99%         1    ##.....
 Flame Tongue             Conj/Fire      #....        99%         1    ##.....
 Infusion                 Chrm           #...         99%         1    ##.....
 Sandblast                Erth           #.....       99%         1    ##.....
 Summon Small Mammal      Summ           #...         99%         1    ##.....
 Ensorcelled Hibernation  Hex/Ice        #.....       100%        2    ###....
 Passwall                 Tmut/Erth      #.......     100%        2    ###....
 Shroud of Golubria       Chrm/Tloc      #.........   100%        2    ###....
 Slow                     Hex            #.......     100%        2    ###....
 Song of Slaying          Chrm           #.......     100%        2    ###....
 Throw Flame              Conj/Fire      #.....       100%        2    ###....
 Confuse                  Hex            #.......     100%        3    ####...
 Conjure Flame            Conj/Fire      #.......     100%        3    ####...
 Dazzling Spray           Conj/Hex       #.....       100%        3    ####...
 Inner Flame              Hex/Fire       #.......     100%        3    ####...
 Portal Projectile        Hex/Tloc       #.....       100%        3    ####...
 Regeneration             Chrm/Necr      #.........   100%        3    ####...
 Spectral Weapon          Hex/Chrm       #.......     100%        3    ####...
 Stone Arrow              Conj/Erth      #.....       100%        3    ####...
 Tukima's Dance           Hex            #.......     100%        3    ####...
 Cause Fear               Hex            #.........   100%        4    #####..
 Leda's Liquefaction      Hex/Erth       #.........   100%        4    #####..
 Petrify                  Tmut/Erth      #.......     100%        4    #####..
 Sticky Flame             Conj/Fire      #.......     100%        4    #####..
 Fireball                 Conj/Fire      #.........   100%        5    ######.
 Lee's Rapid Deconstruct  Erth           #.........   100%        5    ######.


Dungeon Overview and Level Annotations

Branches:
Dungeon (9/15)             Temple (0/1) D:5            Lair (6/6) D:9
 Shoals (0/4) Lair:4       Spider (3/4) Lair:4        Slime (0/5) Lair:5
    Orc: D:9-12

Altars:
Elyvilon
Hepliaklqana
Kikubaaqudgha
Okawaru
Qazlal
Xom
Yredelemnul
Jiyva

Shops:
D:6 [

Annotations:
Lair:1 exclusion: 2 oklob plants


Innate Abilities, Weirdness & Mutations

You reflexively headbutt those who attack you in melee.
You have a pair of horns on your head.


Message History

You feel you are being watched by something.
Something hits you but does no damage. Something hits you!
* * * LOW HITPOINT WARNING * * *
Something stings you but does no damage.
The wolf spider hits you but does no damage.
The wolf spider barely misses you.
The entropy weaver mumbles some strange words.
The entropic weave corrodes you!
You feel you are being watched by something.
Something hits you!
* * * LOW HITPOINT WARNING * * *
You feel clumsy. Something hits you.
* * * LOW HITPOINT WARNING * * *
You feel dopey.
Something stings you but does no damage.
The redback closely misses you.
You feel you are being watched by something.
Something hits you!
You die...

#### #..### #..s.# ###.a@s#
##.#...### ##.....##.####
##......#..#..## ##### #
##..............####.<.###
##......#.........##....^..
#......##...#....###.......
##......##.##...^##........
#.#.#...###......##.).....


You could see an entropy weaver, a wolf spider and a redback.

Vanquished Creatures
  2 acid blobs (Lair:5)
  Kirke (Lair:5)
  Agnes (Spider:2)
  An emperor scorpion (Spider:2)
  An entropy weaver (Spider:2)
  Josephine (Lair:4)
  2 hydras (Lair:6)
  4 catoblepae
  13 death yaks
  A two-headed ogre (D:9)
  Urug (Lair:5)
  5 orb spiders
  10 wolf spiders
  2 manticores (Lair:6)
  3 elephants (Lair:5)
  5 black mambas
  2 torpor snails
  8 spiny frogs
  4 rime drakes
  8 komodo dragons
  3 demonic crawlers
  21 jumping spiders
  A tyrant leech (Lair:5)
  14 blink frogs
  2 polar bears (Lair:6)
  2 hornets
  21 dream sheep
  9 hippogriffs
  Sigmund (D:3)
  47 redbacks
  15 tarantellas
  A wyvern (Lair:2)
  5 wraiths
  44 yaks
  6 hogs
  A steam dragon (D:5)
  A basilisk (Lair:5)
  8 water moccasins
  8 porcupines
  An ice beast (D:8)
  A sky beast (D:9)
  A phantom (D:5)
  6 ogres
  A black bear (Lair:1)
  7 centaurs
  13 wolves
  8 crocodiles
  3 big kobolds
  13 bullfrogs
  3 scorpions
  6 killer bees
  2 vampire bats (D:3)
  2 howler monkeys
  2 electric eels
  2 crimson imps
  A centaur zombie (D:8)
  A centaur skeleton (D:8)
  3 orc priests
  3 hounds
  5 jellies
  3 orc wizards
  Crazy Yiuf (D:2)
  Jessica (D:2)
  4 iguanas
  10 worker ants
  A hound skeleton (D:5)
  8 mummies (Ossuary)
  Robin (D:2)
  A howler monkey skeleton (D:7)
  11 adders
  A river rat (D:5)
  3 shadow imps
  9 oozes
  2 adder skeletons (D:4)
  An adder zombie (D:7)
  5 worms
  3 dart slugs
  7 leopard geckos
  19 orcs
  A ball python (D:2)
  11 bats
  2 bat skeletons (D:3)
  3 bat zombies (D:3)
  8 giant cockroaches
  3 gnoll zombies (Ossuary)
  14 goblins
  10 hobgoblins
  21 jackals
  24 kobolds
  3 quokkas
  7 frilled lizards
  A hobgoblin zombie (Ossuary)
  4 kobold zombies (Ossuary)
  2 quokka zombies (D:6)
  7 rats
  3 fungi
  5 plants
589 creatures vanquished.

Vanquished Creatures (others)
  A human (D:6)
  11 fungi
  13 plants
  10 toadstools (D:3)
35 creatures vanquished.

Grand Total: 624 creatures vanquished

Notes
Turn   | Place    | Note
-------+----------+-------------------------------------------
     0 | D:1      | Gaplan the Minotaur Gladiator began the quest for the Orb.
     0 | D:1      | Reached XP level 1. HP: 18/18 MP: 0/0
   141 | D:1      | Reached skill level 4 in Axes
   216 | D:1      | Reached XP level 2. HP: 25/25 MP: 1/1
   598 | D:2      | Reached XP level 3. HP: 25/30 MP: 2/2
   908 | D:2      | Noticed Jessica
   912 | D:2      | Killed Jessica
   912 | D:2      | Reached skill level 1 in Armour
   912 | D:2      | Reached XP level 4. HP: 32/37 MP: 3/3
  1111 | D:2      | Reached skill level 5 in Axes
  1274 | D:2      | Noticed Robin
  1286 | D:2      | Killed Robin
  1333 | D:2      | Found a runed door.
  1428 | D:2      | Noticed Crazy Yiuf
  1432 | D:2      | Killed Crazy Yiuf
  1432 | D:2      | Reached XP level 5. HP: 45/45 MP: 4/4
  1526 | D:3      | Found an ancient bone altar of Kikubaaqudgha.
  1533 | D:3      | Reached skill level 6 in Axes
  1609 | D:3      | Reached XP level 6. HP: 47/51 MP: 5/5
  1646 | D:3      | Found an iron altar of Okawaru.
  1735 | D:3      | Found a basalt altar of Yredelemnul.
  1750 | D:3      | Became a worshipper of Warmaster Okawaru
  1886 | D:3      | Reached skill level 7 in Axes
  2132 | D:3      | Noticed Sigmund
  2153 | D:3      | Killed Sigmund
  2153 | D:3      | Reached XP level 7. HP: 47/59 MP: 6/6
  2253 | D:3      | Reached skill level 8 in Axes
  3251 | D:5      | Entered Level 5 of the Dungeon
  3273 | D:5      | Reached * piety under Okawaru
  3277 | D:5      | Reached skill level 9 in Axes
  3281 | D:5      | Reached XP level 8. HP: 67/67 MP: 7/7
  3342 | D:5      | Reached skill level 5 in Fighting
  3915 | D:5      | Reached skill level 10 in Axes
  4126 | D:5      | Reached ** piety under Okawaru
  4126 | D:5      | Reached skill level 5 in Armour
  5034 | D:5      | Reached skill level 1 in Evocations
  5059 | D:5      | Found a shimmering altar of Xom.
  5059 | D:5      | Found a shimmering altar of Xom.
  5059 | D:5      | Found a shimmering altar of Xom.
  5059 | D:5      | Found a shimmering altar of Xom.
  5060 | D:5      | Found a shimmering altar of Xom.
  5060 | D:5      | Found a shimmering altar of Xom.
  5187 | D:5      | Found a staircase to the Ecumenical Temple.
  5641 | D:6      | Reached XP level 9. HP: 61/75 MP: 7/9
  5668 | D:6      | Reached *** piety under Okawaru
  5790 | D:6      | Found Kupleukh's Armour Emporium.
  5843 | D:6      | Found a shimmering altar of Xom.
  5844 | D:6      | Found a hazy altar of Hepliaklqana.
  5845 | D:6      | Noticed a spectral ugly thing
  6229 | D:6      | Found an ancient bone altar of Kikubaaqudgha.
  6324 | D:7      | Reached skill level 11 in Axes
  6955 | D:8      | Reached skill level 12 in Axes
  7163 | D:8      | Reached **** piety under Okawaru
  7312 | D:8      | Found a sand-covered staircase.
  7321 | Ossuary  | Entered an ossuary
  7341 | Ossuary  | Reached skill level 5 in Dodging
  7913 | D:8      | Found a stormy altar of Qazlal.
  7999 | D:9      | Found a staircase to the Lair.
  8000 | D:9      | Noticed a komodo dragon
  8027 | D:9      | Killed a komodo dragon
  8027 | D:9      | Reached XP level 10. HP: 46/86 MP: 10/10
  8211 | D:9      | Reached skill level 13 in Axes
  8467 | D:9      | Noticed a two-headed ogre
  8907 | D:9      | Got a jewelled plate armour
  8960 | D:9      | Identified the +1 plate armour "Tung" {rC+ Int+5} (You
                  | found it on level 9 of the Dungeon)
  9040 | D:9      | Found an iron altar of Okawaru.
  9096 | D:9      | Killed a two-headed ogre
  9096 | D:9      | Reached ***** piety under Okawaru
  9338 | Lair:1   | Entered Level 1 of the Lair of Beasts
  9610 | Lair:1   | Noticed a spiny frog
  9618 | Lair:1   | Killed a spiny frog
  9814 | Lair:1   | Noticed an oklob plant
  9814 | Lair:1   | Noticed an oklob plant
 10365 | Lair:2   | Reached skill level 14 in Axes
 10552 | Lair:2   | Noticed a spiny frog
 10559 | Lair:2   | Reached XP level 11. HP: 78/97 MP: 8/11
 10751 | Lair:2   | Received a gift from Okawaru
 10793 | Lair:2   | Reached skill level 10 in Armour
 11161 | Lair:2   | You fall through a shaft for 2 floors!
 11169 | Lair:4   | Found a staircase to the Shoals.
 11557 | Lair:4   | Found a hole to the Spider Nest.
 11993 | Lair:4   | Reached skill level 15 in Axes
 12633 | Lair:3   | Reached skill level 10 in Fighting
 13827 | Lair:3   | Received a gift from Okawaru
 14067 | Lair:5   | Found a white marble altar of Elyvilon.
 14095 | Lair:5   | Noticed a death yak
 14096 | Lair:5   | Noticed a death yak
 14129 | Lair:4   | Killed a death yak
 14129 | Lair:4   | Reached XP level 12. HP: 69/107 MP: 12/12
 14272 | Lair:5   | Noticed a death yak
 14272 | Lair:5   | Noticed a death yak
 14287 | Lair:4   | Killed a death yak
 14287 | Lair:4   | Reached skill level 16 in Axes
 14699 | Lair:5   | Killed a death yak
 14993 | Lair:5   | Noticed Josephine
 15011 | Lair:4   | Killed Josephine
 15127 | Lair:5   | Noticed a death yak
 15129 | Lair:5   | Noticed a death yak
 15129 | Lair:5   | Noticed a death yak
 15175 | Lair:4   | Killed a death yak
 15317 | Lair:5   | Noticed a death yak
 15317 | Lair:5   | Noticed a death yak
 15340 | Lair:4   | Killed a death yak
 15448 | Lair:4   | Killed a death yak
 15448 | Lair:4   | Reached ****** piety under Okawaru
 15842 | Lair:5   | Killed a death yak
 16018 | Lair:5   | Noticed Urug
 16176 | Lair:5   | Killed Urug
 16255 | Lair:5   | Noticed Kirke
 16585 | Lair:5   | Killed Kirke
 16787 | Lair:5   | Received a gift from Okawaru
 16980 | Lair:5   | Reached XP level 13. HP: 96/117 MP: 13/13
 16982 | Lair:5   | Reached skill level 17 in Axes
 17090 | Lair:5   | HP: 4/117 [13-headed hydra (4)]
 17097 | Lair:5   | Identified 2 scrolls of acquirement
 17642 | Lair:5   | Got a pair of twisted boots
 17653 | Lair:5   | Identified the +0 pair of boots of the Orcish Mines {rPois
                  | rF++ Dex-3 Stlth+} (You acquired it on level 5 of the Lair
                  | of Beasts)
 17890 | Lair:5   | Found a runed door.
 17891 | Lair:5   | Found a viscous altar of Jiyva.
 17891 | Lair:5   | Noticed an acid blob
 17917 | Lair:5   | Found a staircase to the Slime Pits.
 17917 | Lair:5   | Noticed an acid blob
 17926 | Lair:5   | Killed an acid blob
 17934 | Lair:5   | Killed an acid blob
 17934 | Lair:5   | Received a gift from Okawaru
 18133 | Lair:6   | Entered Level 6 of the Lair of Beasts
 18671 | Lair:6   | Reached skill level 18 in Axes
 18806 | Lair:6   | Reached skill level 15 in Armour
 18848 | Lair:6   | Received a gift from Okawaru
 19529 | Lair:6   | Reached XP level 14. HP: 99/129 MP: 15/15
 19680 | Lair:6   | Received a gift from Okawaru
 19697 | Lair:6   | Reached skill level 19 in Axes
 19851 | Lair:6   | Found the +8 trident of the Octopus King {venom, rElec
                  | rPois MR+}
 20153 | Spider:1 | Entered Level 1 of the Spider Nest
 20418 | Spider:1 | Received a gift from Okawaru
 21092 | Spider:2 | Noticed an entropy weaver
 21102 | Spider:2 | Killed an entropy weaver
 21531 | Spider:2 | Noticed Agnes
 21546 | Spider:2 | Killed Agnes
 21546 | Spider:2 | Reached skill level 20 in Axes
 21640 | Spider:2 | Noticed an emperor scorpion
 21659 | Spider:2 | Killed an emperor scorpion
 21666 | Spider:2 | Reached XP level 15. HP: 139/139 MP: 16/16
 22009 | Spider:2 | Received a gift from Okawaru
 22312 | Spider:3 | Reached skill level 15 in Fighting
 22334 | Spider:2 | HP: 6/141 [something (6)]
 22334 | Spider:2 | Slain by a ghost moth

Skill      XL: |  1  2  3  4  5  6  7  8  9 10 11 12 13 14 15 |
---------------+----------------------------------------------+-----
Axes           | 4 5 6 7 9 10 12 14 15 16 18 20 | 20.2
Armour         | 1 2 3 4 6 7 9 11 13 15 16 | 16.1
Fighting       | 3 4 5 7 9 10 11 13 14 15 | 15.0
Dodging        | 4 5 6 |  6.2
Evocations     | 1 2 |  2.8
Throwing       | |  2.2
Stealth        | |  0.2

Action                   |  1- 3 |  4- 6 |  7- 9 | 10-12 | 13-15 || total
-------------------------+-------+-------+-------+-------+-------++-------
Melee: War axe           |    64 |   107 |   369 |   517 |       ||  1057
       Headbutt          |     9 |    17 |    73 |   137 |   130 ||   366
       Punch             |       |       |       |     2 |       ||     2
       Battleaxe         |       |       |       |    81 |   612 ||   693
Invok: Heroism           |       |       |       |     4 |     7 ||    11
       Finesse           |       |       |       |       |     1 ||     1
Evoke: Wand              |       |       |    13 |     1 |    13 ||    27
  Use: Scroll            |     1 |       |    10 |    23 |    11 ||    45
       Potion            |       |     3 |    10 |     4 |     9 ||    26
 Stab: Sleeping          |       |     1 |       |       |       ||     1
       Petrified         |       |       |       |       |     6 ||     6
       Petrifying        |       |       |       |       |     1 ||     1
  Eat: Chunk             |       |     4 |    10 |    11 |    11 ||    36
       Ration            |       |       |     3 |     6 |     2 ||    11
Armor: Leather armour    |    24 |    23 |       |       |       ||    47
       Plate armour      |       |    11 |   203 |   485 |   964 ||  1663
Dodge: Dodged            |    48 |    98 |   139 |   310 |   556 ||  1151
